 Dungeon Sprint DCSS version 0.30-a0-305-g026cb31310 (webtiles) character file.

Game seed: 8112210264959703548

6907 rocky1 the Imperceptible (level 11, -1/76 HPs)
             Began as a Kobold Brigand on Oct 23, 2022.
             Was an Initiate of Gozag.
             Killed from afar by a lindwurm (25 damage)
             ... with a blast of flame
             ... in the Dungeon (Sprint I: "Red Sonja") on Oct 24, 2022.
             The game lasted 00:17:37 (3484 turns).

rocky1 the Imperceptible (Kobold Brigand)           Turns: 3484, Time: 00:17:38

Health: -1/76      AC: 20    Str:  8    XL:     11   Next: 27%
Magic:  11/11      EV: 10    Int: 13    God:    Gozag
Gold:   918        SH:  0    Dex: 23    Spells: 10/10 levels left

rFire   . . .      SeeInvis +    p - +1 short sword (distort)
rCold   + + .      Faith    .    (no shield)
rNeg    . . .      Spirit   .    t - +8 chain mail of the Miller {rPois rCorr Dex+2}
rPois   +          Reflect  .    j - +2 hat
rElec   .          Harm     .    c - +0 cloak
rCorr   +          Rampage  .    (no gloves)
Will    +....      NoTele   +    (no boots)
Stlth   ++++++....               q - amulet of the acrobat
HPRegen 0.32/turn                o - ring of willpower
MPRegen 0.12/turn                B - ring of Zest {rPois rC++ SInv}

@: gold aura
A: small, no large weapons, nightstalker 3
a: Renounce Religion, Potion Petition, Call Merchant, Bribe Branch


You were in the Dungeon.
You worshipped Gozag.
Gozag was pleased with you.
You visited 1 branch You collected 4160 gold pieces.
You spent 1723 gold pieces at shops.
You paid 1519 gold pieces to Gozag.

Inventory:

Hand Weapons
 a - a +2 dagger
 p - a +1 short sword of distortion (weapon)
Missiles
 d - 9 poisoned darts
 e - 7 curare-tipped darts (quivered)
Armour
 c - a +0 cloak (worn)
 j - a +2 hat (worn)
 m - a +1 leather armour of poison resistance
 r - a +0 helmet
 s - a +2 robe of the Archmagi
 t - the +8 chain mail of the Miller (worn) {rPois rCorr Dex+2}
   (You found it in the Dungeon)

   Dex:       It affects your dexterity (+2).
   rPois:     It protects you from poison.
   rCorr:     It protects you from acid and corrosion.
Jewellery
 h - a ring of poison resistance
 o - a ring of willpower (left hand)
 q - an amulet of the acrobat (around neck)
 B - the ring of Zest (right hand) {rPois rC++ SInv}
   (You bought it in a shop in the Dungeon)

   [ring of see invisible]

   rC:        It greatly protects you from cold.
   rPois:     It protects you from poison.
   SInv:      It lets you see invisible.
Wands
 l - a wand of light (11)
Scrolls
 b - a scroll of brand weapon
 g - a scroll of amnesia
 k - 2 scrolls of blinking
 n - 3 scrolls of identify
 w - a scroll of enchant armour {unknown}
 y - a scroll of fear
Potions
 f - 2 potions of curing
 i - 2 potions of magic
 v - a potion of resistance
 z - 4 potions of heal wounds
Miscellaneous
 u - a phantom mirror


   Skills:
 + Level 12.7 Fighting
 + Level 15.0 Short Blades
 - Level 2.8 Throwing
 + Level 4.6 Armour
 + Level 13.0 Dodging
 + Level 21.9 Stealth
 - Level 7.0 Evocations


You had 10 spell levels left.
You didn't know any spells.
Your spell library was empty.

Dungeon Overview and Level Annotations

Branches:
Dungeon (1/1)

Altars:
Cheibriados
Dithmenos
Elyvilon
Fedhas
Gozag
Hepliaklqana
Kikubaaqudgha
Makhleb
Nemelex Xobeh
Okawaru
Qazlal
Ru
Sif Muna
Trog
Uskayaw
Vehumet
Wu Jian
Xom
Yredelemnul
Zin
The Shining One
Jiyva
Lugonu

Shops:
D =:([=?::[=*(!?*[[


Innate Abilities, Weirdness & Mutations

You are small and have problems with some larger weapons.
You are completely attuned to the shadows.


Message History

Your Short Blades skill increases to level 15!
Your Dodging skill increases to level 13!
You now have enough gold to fund merchants seeking to open stores in the dungeon.
You now have 891 gold pieces (gained 162).
There is an open door, spattered with blood here.
You now have 918 gold pieces (gained 27).
As you close the door, it creaks loudly!
You hear a roar!
A lindwurm comes into view.
You see here 27 gold pieces.
Found 27 gold pieces.
The lindwurm breathes flames at you. The blast of flame misses you.
You see here 27 gold pieces.
The lindwurm barely misses you. x2; The lindwurm closely misses you.
You hit the lindwurm.
Space warps around the lindwurm.
The lindwurm is lightly wounded.
The lindwurm bites you but does no damage.
The lindwurm claws you. The lindwurm completely misses you.
You hit the lindwurm but do no damage.
The lindwurm is lightly wounded.
You hit the lindwurm but do no damage.
Space warps horribly around the lindwurm!
The lindwurm is moderately wounded.
The lindwurm bites you. The lindwurm closely misses you.
The lindwurm claws you but does no damage.
You barely miss the lindwurm.
The lindwurm is moderately wounded.
You barely miss the lindwurm.
The lindwurm is moderately wounded.
The lindwurm bites you!
The lindwurm claws you but does no damage. x2
You barely miss the lindwurm.
The lindwurm is moderately wounded.
You hit the lindwurm but do no damage.
Space warps around the lindwurm.
The lindwurm is heavily wounded.
The lindwurm breathes flames at you. The blast of flame hits you!!
You die...
Your body crumbles into a pile of gold.

#####################************
..#__#..'..)#..#@k§.+,,,,,,+,$*,,
..'..'..#...##'#§####,,,,,**$,+,,
#'#__####)..'..#§#,***,,,*******+
#.####§.#####..+§#+*$***+*,,,**,,
#§#§§§§.#..##)####,,$*,*,**$$$*,,
§§§§§~).'..#...°.#,,$***,,***$*,,
._#~~~.)#..#○○..○○.,$$$**,*,*$*,,
#§##'#####'###.○°#.,,,,*,,***$*,,
#.#§.((###.'.#°..#**++**,**,,$*,,


You could see a lindwurm (catching breath).

Vanquished Creatures
  2 centaur warriors (D)
  Sonja (D)
  A deep troll (D)
  An oklob plant (D)
  A gargoyle (D)
  2 unseen horrors (D)
  4 demonic crawlers (D)
  2 kobold demonologists (D)
  A slime creature (D)
  A hornet (D)
  Sigmund (D)
  A yak (D)
  2 redbacks (D)
  2 floating eyes (D)
  An ogre (D)
  7 necrophages (D)
  8 jellies (D)
  Ijyb (D)
  A ballistomycete spore (D)
40 creatures vanquished.

Vanquished Creatures (others)
  A ballistomycete spore (D)
1 creature vanquished.

Grand Total: 41 creatures vanquished

Notes
Turn   | Place    | Note
-------+----------+-------------------------------------------
     0 | D        | rocky1 the Kobold Brigand began the quest for the Orb.
     0 | D        | Reached XP level 1. HP: 12/12 MP: 1/1
     2 | D        | Noticed Ijyb
     5 | D        | Killed Ijyb
     6 | D        | Reached skill level 8 in Stealth
     6 | D        | Reached XP level 2. HP: 18/18 MP: 2/2
     6 | D        | Reached XP level 3. HP: 22/22 MP: 3/3
    23 | D        | Noticed an ogre
    26 | D        | Killed an ogre
    27 | D        | Reached skill level 11 in Stealth
    27 | D        | Reached XP level 4. HP: 28/28 MP: 4/4
    27 | D        | Reached XP level 5. HP: 32/32 MP: 5/5
    31 | D        | Noticed Sigmund
    34 | D        | Killed Sigmund
    35 | D        | Reached skill level 5 in Short Blades
    35 | D        | Reached skill level 14 in Stealth
    35 | D        | Reached skill level 5 in Evocations
    35 | D        | Reached XP level 6. HP: 38/38 MP: 6/6
    67 | D        | Found an ornate altar of the Wu Jian Council.
    68 | D        | Found a shimmering blue altar of Sif Muna.
    69 | D        | Found a radiant altar of Vehumet.
    74 | D        | Reached skill level 15 in Stealth
   102 | D        | Found a hazy altar of Hepliaklqana.
   102 | D        | Found a stormy altar of Qazlal.
   102 | D        | Found a hide-covered altar of Uskayaw.
   102 | D        | Found a blossoming altar of Fedhas.
   102 | D        | Noticed a yak
   103 | D        | Found Conopn's Book Emporium.
   103 | D        | Found a bloodstained altar of Trog.
   103 | D        | Found an opulent altar of Gozag.
   103 | D        | Found a snail-covered altar of Cheibriados.
   104 | D        | Killed a yak
   105 | D        | Reached skill level 16 in Stealth
   105 | D        | Reached XP level 7. HP: 44/44 MP: 7/7
   105 | D        | Found an iron altar of Okawaru.
   105 | D        | Found a sparkling altar of Nemelex Xobeh.
   105 | D        | Found a sacrificial altar of Ru.
   105 | D        | Found a glowing silver altar of Zin.
   106 | D        | Found an ancient bone altar of Kikubaaqudgha.
   106 | D        | Found a basalt altar of Yredelemnul.
   106 | D        | Found a glowing golden altar of the Shining One.
   106 | D        | Found a shadowy altar of Dithmenos.
   106 | D        | Found a white marble altar of Elyvilon.
   110 | D        | Became a worshipper of Gozag Ym Sagoz the Greedy
   140 | D        | Found a viscous altar of Jiyva.
   140 | D        | Found a corrupted altar of Lugonu.
   140 | D        | Noticed a slime creature
   141 | D        | Found a burning altar of Makhleb.
   141 | D        | Found a shimmering altar of Xom.
   143 | D        | Killed a slime creature
   144 | D        | Reached skill level 5 in Fighting
   144 | D        | Reached skill level 17 in Stealth
   181 | D        | Noticed Sonja
   185 | D        | Killed Sonja
   186 | D        | Reached skill level 18 in Stealth
   186 | D        | Reached XP level 8. HP: 54/54 MP: 8/8
   209 | D        | Found Bilasieph's Jewellery Boutique.
   214 | D        | Bought an amulet of the acrobat for 420 gold pieces
   278 | D        | Noticed a deep troll
   282 | D        | Killed a deep troll
   283 | D        | Reached skill level 10 in Short Blades
   283 | D        | Reached skill level 19 in Stealth
   283 | D        | Reached XP level 9. HP: 60/60 MP: 9/9
   299 | D        | Identified the +8 chain mail of the Miller {rPois rCorr
                  | Dex+2}
   308 | D        | Noticed a centaur warrior
   309 | D        | Noticed a centaur warrior
   327 | D        | Killed a centaur warrior
   340 | D        | Killed a centaur warrior
   341 | D        | Reached skill level 10 in Fighting
   341 | D        | Reached skill level 10 in Dodging
   341 | D        | Reached skill level 20 in Stealth
   341 | D        | Reached XP level 10. HP: 17/68 MP: 10/10
   947 | D        | Noticed an oklob plant
   949 | D        | Killed an oklob plant
  1248 | D        | Found Qusopumm's Armour Emporium.
  1338 | D        | Killed an unseen horror
  1339 | D        | Reached skill level 1 in Armour
  1367 | D        | Killed an unseen horror
  1903 | D        | Reached skill level 21 in Stealth
  3064 | D        | Identified the +1 leather armour "Ockeismo" {rN+}
  3100 | D        | Found Hot Seg's Magic Scroll Boutique.
  3100 | D        | Found Nostat's Armour Emporium.
  3100 | D        | Found Onoakk's Assorted Antiques.
  3102 | D        | Found Wer Xis's Distillery.
  3102 | D        | Found Upnatope's Weapon Shoppe.
  3102 | D        | Found Sath's Assorted Antiques.
  3102 | D        | Found Macli's Jewellery Emporium.
  3108 | D        | Found Beoluosh's Antique Armour Boutique.
  3109 | D        | Bought a potion of resistance for 130 gold pieces
  3109 | D        | Bought a potion of might for 52 gold pieces
  3109 | D        | Bought a potion of invisibility for 104 gold pieces
  3109 | D        | Bought a potion of heal wounds for 65 gold pieces
  3109 | D        | Bought a potion of heal wounds for 65 gold pieces
  3109 | D        | Bought a potion of heal wounds for 65 gold pieces
  3109 | D        | Found Relasm's Book Shoppe.
  3110 | D        | Found Vauqual's Book Shop.
  3111 | D        | Bought a potion of heal wounds for 125 gold pieces
  3111 | D        | Found Rucimifu's Magic Scroll Emporium.
  3112 | D        | Found Qosuam's Jewellery Boutique.
  3112 | D        | Found Teunlac's Antique Armour Shoppe.
  3113 | D        | Found Xuxofaif's Antique Weapon Shop.
  3116 | D        | Bought a scroll of fear for 56 gold pieces
  3116 | D        | Bought a scroll of identify for 28 gold pieces
  3116 | D        | Bought a scroll of identify for 28 gold pieces
  3116 | D        | Bought a scroll of magic mapping for 105 gold pieces
  3127 | D        | Bought the ring of Zest {rPois rC++ SInv} for 480 gold
                  | pieces
  3198 | D        | Noticed a kobold demonologist
  3199 | D        | Noticed a kobold demonologist
  3201 | D        | Killed a kobold demonologist
  3204 | D        | Killed a kobold demonologist
  3205 | D        | Reached XP level 11. HP: 76/76 MP: 11/11
  3470 | D        | Reached skill level 15 in Short Blades
  3475 | D        | Noticed a lindwurm
  3484 | D        | Killed from afar by a lindwurm

Illustrated notes

Levels and vault maps discovered:
D:        dungeon_sprint_1 [red_sonja_temple_1, red_sonja_temple_small_1]

Skill      XL: |  1  2  3  4  5  6  7  8  9 10 11 |
---------------+----------------------------------+-----
Short Blades   | 3 4 5 9 10 12 14 15 | 15.0
Stealth        | 8 11 14 16 18 19 20 21 | 21.9
Fighting       | 3 4 7 8 10 12 | 12.7
Evocations     | 3 5 7 |  7.0
Dodging        | 6 8 10 12 13 | 13.0
Armour         | 3 4 |  4.6
Throwing       | |  2.8

Action                   |  1- 3 |  4- 6 |  7- 9 | 10-12 || total
-------------------------+-------+-------+-------+-------++-------
Melee: Dagger            |     2 |     3 |    29 |   262 ||   296
       Punch             |       |       |       |     4 ||     4
       Short sword       |       |       |       |    41 ||    41
Invok: Potion Petition   |       |       |       |     4 ||     4
  Use: Potion            |       |       |     1 |     5 ||     6
       Scroll            |       |       |       |     3 ||     3
 Stab: Sleeping          |     2 |     3 |     3 |     8 ||    16
       Distracted        |       |       |       |     3 ||     3
Armor: Leather armour    |       |       |    11 |     4 ||    15
       Chain mail        |       |       |       |   122 ||   122
Dodge: Dodged            |       |       |    20 |    94 ||   114

Table legend: (Time is in decaauts)
 A = Elapsed time spent in this place.
 B = Non-inter-level travel time spent in this place.
 C = Inter-level travel time spent in this place.
 D = Time resting spent in this place.
 E = Time spent auto-exploring this place.
 F = Levels seen in this place.
 G = Mean time per level.
                   A        B        C        D        E       F      G
               +--------+--------+--------+--------+--------+-----+--------+
         Total |   3269 |   3225 |     44 |   2298 |      1 |   1 | 3269.0 |
       Dungeon |   3269 |   3225 |     44 |   2298 |      1 |   1 | 3269.0 |
               +--------+--------+--------+--------+--------+-----+--------+

Top non-repeatable levels by time:
       D: 3269 daAuts
